Map: [ESL] Moondance

Players

Bunny - Winner!

  • Race: Terran Terran
  • League: Silver
  • Spawn Location: 6:00

DPGCure (Cure)

  • Race: Terran Terran
  • League: Master
  • Spawn Location: 12:00

VOD

Have the link to the VOD?

Description

Time

  • Played on: Nov. 3, 2022, 8:32 a.m.
  • Length: 12:25
Show
View Real Time Build Order
Export as new Build Order

Bunny Terran - Winner!

Build Orders: Cyclone Opening 

Get SALT Encoding   

  12  0:00  SCV  
  13  0:12  SCV  
  14  0:17  Supply Depot  
  14  0:24  SCV  
  15  0:38  SCV  
  15  0:40  Barracks  
  16  0:42  Refinery  
  16  0:51  SCV  
  16  0:52  Refinery  
  17  1:03  SCV  
  18  1:15  SCV  
  19  1:27  Reaper, Orbital Command  
  19  1:28  Supply Depot  
  20  1:41  Factory  
  20  1:52  SCV  
  21  1:59  Reaper  
  22  2:04  SCV  
  23  2:15  Command Center  
  23  2:17  SCV  
  24  2:28  Factory Tech Lab  
  24  2:29  SCV  
  24  2:36  Barracks Reactor  
  24  2:39  Supply Depot  
  24  2:41  SCV  
  25  2:47  Cyclone  
  28  2:53  SCV  
  29  3:02  Starport  
  29  3:05  SCV  
  29  3:11  Marine  
  29  3:12  Marine  
  30  3:21  Cyclone  
  30  3:23  SCV  
  33  3:29  Marine  
  33  3:30  Marine  
  35  3:35  SCV  
  35  3:39  Medivac, Orbital Command  
  35  3:40  Refinery  
  38  3:47  SCV, Marine  
  38  3:48  Marine  
  41  3:56  Supply Depot  
  41  3:59  SCV  
  41  4:02  Siege Tank  
  45  4:04  SCV  
  45  4:07  Supply Depot  
  45  4:09  Starport Tech Lab  
  46  4:12  Marine  
  46  4:14  Marine  
  48  4:17  SCV  
  49  4:30  Marine  
  50  4:32  Raven, Marine  
  48  4:41  SCV x2  
  50  4:46  Supply Depot, Siege Tank  
  53  4:56  SCV x2  
  53  4:57  Refinery  
  53  4:58  Bunker  
  55  5:08  SCV x2  
  55  5:11  Supply Depot  
  57  5:20  SCV x2  
  57  5:21  Siege Tank, Starport  
  59  5:25  Viking  
  64  5:31  Viking  
  64  5:32  Marine  
  67  5:37  SCV x2  
  69  5:44  Supply Depot  
  69  5:51  Marine  
  69  5:54  Viking  
  69  5:55  SCV x2  
  74  6:01  Viking  
  76  6:09  Viking, Marine  
  79  6:16  Supply Depot  
  79  6:24  Viking  
  79  6:31  Viking  
  81  6:36  Siege Tank  
  81  6:39  Viking  
  70  7:09  Viking  
  57  7:23  SCV  
  57  7:29  Siege Tank  
  60  7:33  Marine  
  59  7:39  Viking  
  61  7:47  Viking, SCV  
  61  7:48  SCV  
  62  7:54  Marine  
  61  8:01  Siege Tank  
  55  8:09  Viking  
  37  8:17  Viking  
  38  8:21  Marine  
  39  8:28  SCV x2  
  41  8:39  Viking  
  35  8:44  SCV  
  35  8:46  Viking  
  41  8:48  Siege Tank  
  41  8:53  SCV  
  41  8:54  Marine  
  43  8:56  SCV  
  44  9:06  SCV  
  44  9:08  SCV  
  46  9:12  Marine  
  46  9:15  Viking  
  49  9:20  SCV x2  
  51  9:27  Siege Tank  
  54  9:35  Liberator  
  54  9:37  SCV x2  
  59  9:49  Viking  
  59  9:52  Viking  
  60  9:58  Marine  
  60  10:06  Siege Tank  
  61  10:15  Marine  
  60  10:22  Viking  
  62  10:28  Viking  
  62  10:29  SCV  
  62  10:30  SCV  
  66  10:37  Viking  
  68  10:52  Viking  
  68  10:56  Marine  
  71  10:59  Siege Tank  
  74  11:15  Marine  
  75  11:18  Viking  
  77  11:33  Marine  
  77  11:39  Viking  
  80  11:43  Viking  
Show
View Real Time Build Order
Export as new Build Order

DPGCure Terran 

Build Orders:  

Get SALT Encoding   

  12  0:00  SCV  
  13  0:12  SCV  
  14  0:17  Supply Depot  
  14  0:24  SCV  
  15  0:38  SCV  
  15  0:40  Barracks  
  15  0:42  Refinery  
  16  0:51  SCV  
  16  0:52  Refinery  
  17  1:03  SCV  
  18  1:15  SCV  
  19  1:27  Reaper, Orbital Command  
  20  1:33  Supply Depot  
  20  1:41  Factory  
  20  1:53  SCV  
  21  1:59  Reaper  
  22  2:05  SCV  
  23  2:17  SCV  
  24  2:25  Hellion  
  24  2:27  Command Center  
  26  2:30  SCV  
  26  2:32  Reaper  
  28  2:38  Supply Depot  
  28  2:42  SCV  
  29  2:47  Hellion  
  31  2:55  Starport  
  31  2:59  SCV  
  32  3:05  Barracks Reactor  
  32  3:09  Factory Tech Lab  
  32  3:12  SCV  
  31  3:24  SCV  
  31  3:29  Siege Tank  
  34  3:36  SCV  
  34  3:39  Medivac, Orbital Command  
  37  3:42  Marine  
  37  3:43  Marine  
  37  3:48  SCV  
  40  3:49  Refinery  
  40  4:00  Marine  
  40  4:01  Marine  
  40  4:02  Siege Tank  
  45  4:03  SCV  
  45  4:06  SCV  
  47  4:14  Viking  
  49  4:22  Supply Depot, Marine x2  
  47  4:25  SCV x2  
  49  4:37  SCV x2  
  48  4:39  Siege Tank  
  51  4:50  SCV x2  
  51  4:52  Barracks Tech Lab  
  53  4:56  Viking x2  
  57  5:02  SCV  
  57  5:03  SCV  
  57  5:05  Supply Depot x2  
  59  5:11  Marine  
  60  5:16  SCV x2  
  62  5:27  Viking x2, Siege Tank  
  68  5:31  Supply Depot  
  68  5:32  Marine  
  69  5:36  SCV x2  
  71  5:50  Marine  
  71  5:59  Siege Tank  
  71  6:02  Viking x2  
  78  6:04  SCV x2  
  78  6:08  Marine  
  81  6:18  SCV x2  
  83  6:20  Supply Depot  
  83  6:21  Supply Depot  
  83  6:22  Refinery  
  83  6:26  Marine  
  83  6:32  Viking  
  86  6:37  Supply Depot  
  86  6:42  Viking, Siege Tank  
  86  6:44  Marine  
  89  6:48  SCV x2  
  78  7:05  Marine  
  78  7:08  SCV x2  
  72  7:14  Siege Tank  
  73  7:17  Viking  
  71  7:23  Marine  
  71  7:28  SCV x2  
  74  7:33  Viking  
  75  7:40  SCV x2  
  75  7:41  Marine  
  78  7:52  Refinery, SCV  
  78  7:53  SCV  
  80  7:59  Marine  
  80  8:01  Command Center  
  80  8:05  SCV x2  
  64  8:14  Viking  
  64  8:15  Viking  
  64  8:17  SCV x2, Marine  
  71  8:21  Barracks  
  71  8:26  Barracks  
  71  8:31  Siege Tank  
  71  8:35  Marine  
  71  8:37  SCV x2  
  61  8:46  Viking  
  61  8:47  Viking  
  62  8:49  SCV x2  
  62  8:51  Stimpack  
  64  9:01  SCV x2  
  66  9:05  Siege Tank  
  69  9:10  Barracks Reactor  
  69  9:13  Engineering Bay  
  69  9:15  Orbital Command  
  69  9:17  Barracks Reactor  
  69  9:18  Engineering Bay  
  69  9:22  SCV x2  
  71  9:25  Viking  
  71  9:26  Viking, Marine  
  75  9:34  SCV x2  
  75  9:37  Siege Tank  
  80  9:40  SCV  
  80  9:43  Refinery  
  80  9:44  Refinery  
  80  9:45  Marine  
  82  9:46  SCV x2  
  69  9:55  Viking x2, Marine x3  
  76  10:00  Marine  
  76  10:03  Marauder  
  78  10:14  Siege Tank  
  78  10:19  Marine x2  
  78  10:20  Marine  
  81  10:22  Marine  
  81  10:24  Marine  
  81  10:25  Viking x2  
  79  10:31  Combat Shield  
  79  10:37  Marine x2  
  79  10:40  Marine  
  79  10:42  Marine  
  75  10:52  Orbital Command  
  75  10:54  SCV x2  
  75  10:55  Viking, Marine  
  83  10:58  Marine  
  83  10:59  Siege Tank, Marine  
  88  11:08  Marine  
  88  11:09  Viking  
  87  11:15  Marine  
  87  11:17  Marine  
  89  11:21  SCV x3  
  92  11:26  Marine  
  92  11:31  Siege Tank  
  96  11:33  Marine  
  96  11:35  Marine  
  96  11:43  Viking  
  96  11:44  Marine  
  97  11:51  Marine  
  97  11:53  Marine  
  67  12:01  Marine  
Tags
 
Add a new tag
Caveats
  • Supply blocks, unpowered buildings, or Contaminate may cause inaccurate times.
  • Supply counts are checked every 10 seconds.